Predators vs Lightning
Created - February 14, 2023 at 19:17
Goals
|
| Predators |
1 |
4 |
2 |
7 |
| Lightning |
0 |
4 |
1 |
5 |
|
Shots
|
| Predators |
13 |
9 |
11 |
33 |
| Lightning |
1 |
19 |
6 |
26 |
|
1st period
1. Predators , Andy Miele 22 (Mikael Granlund 27, Alexander Ovechkin 28) at 13:39 (PP)
Penalties :
Yanni Gourde (T.B) for Hooking (Minor) at 4:12, Scott Mayfield (T.B) for Holding (Minor) at 12:31, Alexander Ovechkin (Nas) for Slashing (Minor) at 14:20
2nd period
2. Predators , Matt Stajan 10 (Mark Pysyk 11, John Moore 12) at 0:56
3. Lightning , Tyler Kennedy 8 (Brent Seabrook 20) at 1:29
4. Lightning , Kasperi Kapanen 16 (Shayne Gostisbehere 11, Mark Scheifele 43) at 4:05
5. Lightning , Mark Scheifele 26 (Scott Mayfield 1) at 7:26
6. Predators , Mark Pysyk 10 (Matt Stajan 13) at 10:43
7. Predators , Mike Brown 6 (Scott Laughton 7, Josh Morrissey 4) at 11:43
8. Predators , Andy Miele 23 (Mikael Granlund 28, Ryan Mcdonagh 26) at 15:12 (PP)
9. Lightning , Mark Scheifele 27 (Max Pacioretty 23, Kasperi Kapanen 13) at 18:13
Penalties :
Max Pacioretty (T.B) for Hooking (Minor) at 4:51, Matt Stajan (Nas) for Hooking (Minor) at 8:02, Brock Boeser (T.B) for Holding (Minor) at 14:30
3rd period
10. Predators , Alexander Ovechkin 13 (Mikael Granlund 29, Justin Faulk 16) at 10:04
11. Predators , Justin Faulk 2 (Jaden Schwartz 17) at 12:27
12. Lightning , Max Pacioretty 20 (Mark Scheifele 44, Kasperi Kapanen 14) at 12:41
Penalties :
Kasperi Kapanen (T.B) for Interference (Minor) at 0:11, Ryan Mcdonagh (Nas) for Hooking (Minor) at 12:52, Brent Seabrook (T.B) for Hooking (Minor) at 18:15
Goalie Stats
Kari Lehtonen (Nas), 21 saves from 26 shots - (0.808), W, 16-10-2, 60:00 minutes
Alex Nedeljkovic (T.B), 16 saves from 21 shots - (0.762), 35:12 minutes
Jimmy Howard (T.B), 10 saves from 12 shots - (0.833), L, 4-2-0, 24:48 minutes
Players Stats for Predators
Player Name G A P +/- PIM S H SB GA TA FO MP PP MP PK MP
------------------------------------------------------------------------------------
Alexander Edler 0 0 0 -5 0 1 1 2 1 1 0/0 28:24 5:42 3:38
Alexander Ovechkin 1 1 2 -2 2 1 4 1 1 0 2/2 23:12 5:39 2:06
Andy Miele 2 0 2 -2 0 4 4 0 0 0 12/29 22:58 5:39 1:58
Jack Eichel 0 0 0 0 0 4 0 0 1 0 6/15 14:46 3:52 0:09
Jaden Schwartz 0 1 1 0 0 0 7 0 0 0 0/4 17:01 3:52 2:26
John Moore 0 1 1 3 0 4 2 1 0 1 0/0 20:12 3:27 2:26
Josh Morrissey 0 1 1 2 0 0 1 2 0 0 0/0 12:29 0:22 1:05
Justin Abdelkader 0 0 0 2 0 1 0 0 1 0 0/0 13:09 0:00 1:58
Justin Faulk 1 1 2 3 0 4 2 0 0 0 0/0 20:01 3:27 2:19
Mark Pysyk 1 1 2 2 0 4 0 0 0 0 0/0 11:11 0:00 0:00
Matt Stajan 1 1 2 2 2 1 0 0 0 0 3/6 11:15 0:00 0:00
Mikael Granlund 0 3 3 -2 0 4 1 0 0 0 2/4 24:06 5:39 3:05
Mike Brown 1 0 1 0 0 2 1 0 0 0 0/0 7:10 0:00 0:00
Nate Schmidt 0 0 0 2 0 0 2 0 0 1 0/0 11:35 0:22 0:00
Nicolas Kerdiles 0 0 0 0 0 1 1 0 0 0 0/0 7:24 0:00 0:12
Reilly Smith 0 0 0 0 0 0 2 0 0 0 0/0 14:35 3:52 0:00
Ryan Mcdonagh 0 1 1 -5 2 1 0 1 0 1 0/0 27:22 5:42 2:26
Scott Laughton 0 1 1 0 0 1 0 0 0 0 1/1 7:10 0:00 0:00
Players Stats for Lightning
Player Name G A P +/- PIM S H SB GA TA FO MP PP MP PK MP
------------------------------------------------------------------------------------
Antoine Vermette 0 0 0 -1 0 0 0 0 0 0 4/4 7:17 0:00 0:50
Brendan Lemieux 0 0 0 -1 0 1 1 1 0 0 0/0 17:34 2:52 1:55
Brent Seabrook 0 1 1 0 2 1 2 0 0 1 0/0 26:21 3:27 5:08
Brock Boeser 0 0 0 -2 2 0 0 0 0 0 0/3 15:21 3:05 0:00
Jesper Fast 0 0 0 -1 0 0 1 0 0 0 0/0 8:32 0:00 2:03
Jimmy Vesey 0 0 0 0 0 0 0 0 0 0 0/0 11:09 0:00 0:47
Jiri Fischer 0 0 0 1 0 0 0 1 0 0 0/0 12:09 0:00 0:23
John Carlson 0 0 0 0 0 3 1 3 0 0 0/0 28:24 3:27 6:12
Kasperi Kapanen 1 2 3 2 2 3 1 1 0 0 0/2 17:55 2:52 0:00
Mark Scheifele 2 2 4 3 0 6 0 0 2 0 21/37 23:57 3:05 5:10
Max Pacioretty 1 1 2 3 2 2 2 1 0 0 1/1 22:53 3:05 4:07
Ondrej Palat 0 0 0 -1 0 0 0 0 1 0 0/1 7:02 0:00 0:00
Sam Bennett 0 0 0 0 0 0 1 1 0 0 1/2 9:19 0:00 0:00
Scott Mayfield 0 1 1 1 2 0 0 0 0 1 0/0 12:28 0:00 0:43
Shayne Gostisbehere 0 1 1 -1 0 3 2 0 1 1 0/0 19:50 2:30 3:19
Tyler Kennedy 1 0 1 0 0 3 2 0 0 0 0/0 12:36 0:00 2:24
Victor Hedman 0 0 0 -1 0 1 0 0 0 1 0/0 20:46 2:30 3:17
Yanni Gourde 0 0 0 -2 2 3 1 0 0 0 8/11 16:50 2:52 1:46
3 Stars
1 - Mark Scheifele (T.B)
2 - Justin Faulk (Nas)
3 - Andy Miele (Nas)
Power Play
Predators - 2 on 6 Attempt(s) - 33.33%
Lightning - 0 on 3 Attempt(s) - 0.00%
Penalty Kill
Predators - 3 on 3 Attempt(s) - 100.00%
- Score 0 goal in Penalty Kill
Lightning - 4 on 6 Attempt(s) - 66.67%
- Score 0 goal in Penalty Kill
Team Stat
Predators - Hits : 28 - Faceoff Wins : 26 - Blocked Shots : 7 - Penalty Minutes : 6
Lightning - Hits : 14 - Faceoff Wins : 35 - Blocked Shots : 8 - Penalty Minutes : 12
Official
Referees : Peter MacDougall and Gord Dwyer
Linesman : Ryan Daisy and Steve Barton
Game Notes
Jimmy Howard enters game at 15:12 of 2nd period
Finance
Level 1 -- Attendance: 5725 (95.42%) -- Ticket Income $572,500
Level 2 -- Attendance: 5000 (100.00%) -- Ticket Income $300,000
Level 3 -- Attendance: 2000 (100.00%) -- Ticket Income $70,000
Level 4 -- Attendance: 4000 (100.00%) -- Ticket Income $100,000
Luxury Box -- Attendance: 932 (93.20%) -- Ticket Income $186,400
Game was played at the Amalie Arena.
Total Attendance: 17657 (98.09%)
Total Ticket Income: $1,228,900
Other Income: $184,335
Total Income: $1,413,235
Predators
5 vs 5 Forward
Center Left Wing Right Wing Time % Phy DF OF
1 Andy Miele Alexander Ovechkin Mikael Granlund 40 1 2 2
2 Jack Eichel Jaden Schwartz Reilly Smith 30 1 2 2
3 Matt Stajan Justin Abdelkader Mark Pysyk 20 1 2 2
4 Scott Laughton Nicolas Kerdiles Mike Brown 10 1 2 2
5 vs 5 Defense
Defense Defense Time % Phy DF OF
1 Ryan Mcdonagh Alexander Edler 40 1 2 2
2 John Moore Justin Faulk 30 1 2 2
3 Nate Schmidt Josh Morrissey 20 1 2 2
4 Ryan Mcdonagh Alexander Edler 10 1 2 2
PowerPlay Forward
Center Left Wing Right Wing Time % Phy DF OF
1 Andy Miele Alexander Ovechkin Mikael Granlund 60 1 2 2
2 Jack Eichel Jaden Schwartz Reilly Smith 40 1 2 2
PowerPlay Defense
Defense Defense Time % Phy DF OF
1 Ryan Mcdonagh Alexander Edler 60 1 2 2
2 John Moore Justin Faulk 40 1 2 2
Penalty Kill 4 Players Forward
Center Wing Time % Phy DF OF
1 Mikael Granlund Alexander Ovechkin 60 1 2 2
2 Jaden Schwartz Andy Miele 40 1 2 2
Penalty Kill 4 Players Defense
Defense Defense Time % Phy DF OF
1 Ryan Mcdonagh Alexander Edler 60 1 2 2
2 John Moore Justin Faulk 40 1 2 2
Penalty Kill - 3 Players Forward
Forward Time % Phy DF OF
1 Mikael Granlund 60 1 2 2
2 Alexander Ovechkin 40 1 2 2
Penalty Kill - 3 Players Defense
Defense Defense Time % Phy DF OF
1 Ryan Mcdonagh Alexander Edler 60 1 2 2
2 John Moore Justin Faulk 40 1 2 2
4 vs 4 Forward
Center Wing Time % Phy DF OF
1 Mikael Granlund Alexander Ovechkin 60 1 2 2
2 Jaden Schwartz Andy Miele 40 1 2 2
4 vs 4 Defense
Defense Defense Time % Phy DF OF
1 Ryan Mcdonagh Alexander Edler 60 1 2 2
2 John Moore Justin Faulk 40 1 2 2
Last Minutes Offensive
Center Left Wing Right Wing Defense Defense
Andy Miele Alexander Ovechkin Mikael Granlund Ryan Mcdonagh Alexander Edler
Last Minutes Defensive
Center Left Wing Right Wing Defense Defense
Andy Miele Alexander Ovechkin Mikael Granlund Ryan Mcdonagh Alexander Edler
Goaltenders
Starting : Kari Lehtonen
Backup : Jaroslav Halak
Extra Forwards
Normal : Matt Stajan, Mark Pysyk, Justin Abdelkader - PP : Matt Stajan, Mark Pysyk - PK : Justin Abdelkader
Extra Defensemen
Normal : Nate Schmidt, Josh Morrissey, John Moore - PP : Nate Schmidt - PK : Josh Morrissey, John Moore
Penalty Shots
Mikael Granlund, Alexander Ovechkin, Jaden Schwartz, Andy Miele, Reilly Smith
Scratches
None
Lightning
5 vs 5 Forward
Center Left Wing Right Wing Time % Phy DF OF
1 Mark Scheifele Max Pacioretty Kasperi Kapanen 40 1 2 2
2 Yanni Gourde Brendan Lemieux Brock Boeser 30 1 2 2
3 Sam Bennett Jimmy Vesey Tyler Kennedy 20 1 2 2
4 Antoine Vermette Ondrej Palat Jesper Fast 10 1 2 2
5 vs 5 Defense
Defense Defense Time % Phy DF OF
1 John Carlson Brent Seabrook 40 1 2 2
2 Shayne Gostisbehere Victor Hedman 30 1 2 2
3 Jiri Fischer Scott Mayfield 20 1 2 2
4 John Carlson Victor Hedman 10 1 2 2
PowerPlay Forward
Center Left Wing Right Wing Time % Phy DF OF
1 Mark Scheifele Max Pacioretty Brock Boeser 60 1 2 2
2 Yanni Gourde Brendan Lemieux Kasperi Kapanen 40 1 2 2
PowerPlay Defense
Defense Defense Time % Phy DF OF
1 John Carlson Brent Seabrook 60 1 2 2
2 Shayne Gostisbehere Victor Hedman 40 1 2 2
Penalty Kill 4 Players Forward
Center Wing Time % Phy DF OF
1 Mark Scheifele Max Pacioretty 60 1 2 2
2 Yanni Gourde Tyler Kennedy 40 1 2 2
Penalty Kill 4 Players Defense
Defense Defense Time % Phy DF OF
1 John Carlson Brent Seabrook 60 1 2 2
2 Shayne Gostisbehere Victor Hedman 40 1 2 2
Penalty Kill - 3 Players Forward
Forward Time % Phy DF OF
1 Mark Scheifele 60 1 2 2
2 Max Pacioretty 40 1 2 2
Penalty Kill - 3 Players Defense
Defense Defense Time % Phy DF OF
1 John Carlson Brent Seabrook 60 1 2 2
2 Shayne Gostisbehere Victor Hedman 40 1 2 2
4 vs 4 Forward
Center Wing Time % Phy DF OF
1 Mark Scheifele Max Pacioretty 60 1 2 2
2 Yanni Gourde Kasperi Kapanen 40 1 2 2
4 vs 4 Defense
Defense Defense Time % Phy DF OF
1 John Carlson Brent Seabrook 60 1 2 2
2 Shayne Gostisbehere Victor Hedman 40 1 2 2
Last Minutes Offensive
Center Left Wing Right Wing Defense Defense
Mark Scheifele Max Pacioretty Kasperi Kapanen John Carlson Brent Seabrook
Last Minutes Defensive
Center Left Wing Right Wing Defense Defense
Mark Scheifele Max Pacioretty Kasperi Kapanen John Carlson Brent Seabrook
Goaltenders
Starting : Alex Nedeljkovic
Backup : Jimmy Howard
Extra Forwards
Normal : Ondrej Palat, Jimmy Vesey, Tyler Kennedy - PP : Sam Bennett, Jimmy Vesey - PK : Jesper Fast
Extra Defensemen
Normal : Jiri Fischer, Scott Mayfield, Shayne Gostisbehere - PP : Jiri Fischer - PK : Scott Mayfield, Shayne Gostisbehere
Penalty Shots
Mark Scheifele, Max Pacioretty, Yanni Gourde, Tyler Kennedy, Kasperi Kapanen
Scratches
Alex Killorn (Healthy), Dave Bolland (Healthy), Jonathan Sigalet (Strained Right Knee Injury)
% Time on Ice - Predators
Lines # - Real PCT - Wanted PCT - Time Play
Normal Forward
1 - 35% - 40% - 15:28
2 - 24% - 30% - 10:43
3 - 25% - 20% - 11:11
4 - 16% - 10% - 7:10
Normal Defense
1 - 41% - 40% - 18:06
2 - 32% - 30% - 14:15
3 - 25% - 20% - 11:02
4 - 3% - 10% - 1:09
PP Forward
1 - 59% - 60% - 5:39
2 - 41% - 40% - 3:52
PP Defense
1 - 64% - 60% - 6:04
2 - 36% - 40% - 3:27
PK Forward
1 - 82% - 60% - 4:53
2 - 18% - 40% - 1:04
PK Defense
1 - 64% - 60% - 3:49
2 - 36% - 40% - 2:08
PK3 Forward
1 - 0% - 60%
2 - 0% - 40%
PK3 Defense
1 - 0% - 60%
2 - 0% - 40%
44 Forward
1 - 0% - 60%
2 - 0% - 40%
44 Defense
1 - 0% - 60%
2 - 0% - 40%
Last Minute Offensive - 0:00
Last Minute Defensive - 0:00
Total
Forward - 60:00
Defense - 60:00
|
% Time on Ice - Lightning
Lines # - Real PCT - Wanted PCT - Time Play
Normal Forward
1 - 35% - 40% - 15:44
2 - 30% - 30% - 13:14
3 - 21% - 20% - 9:19
4 - 14% - 10% - 6:15
Normal Defense
1 - 40% - 40% - 17:47
2 - 31% - 30% - 14:01
3 - 26% - 20% - 11:46
4 - 2% - 10% - 0:58
PP Forward
1 - 52% - 60% - 3:05
2 - 48% - 40% - 2:52
PP Defense
1 - 58% - 60% - 3:27
2 - 42% - 40% - 2:30
PK Forward
1 - 75% - 60% - 7:07
2 - 25% - 40% - 2:24
PK Defense
1 - 65% - 60% - 6:14
2 - 35% - 40% - 3:17
PK3 Forward
1 - 0% - 60%
2 - 0% - 40%
PK3 Defense
1 - 0% - 60%
2 - 0% - 40%
44 Forward
1 - 0% - 60%
2 - 0% - 40%
44 Defense
1 - 0% - 60%
2 - 0% - 40%
Last Minute Offensive - 0:00
Last Minute Defensive - 0:00
Total
Forward - 60:00
Defense - 60:00
|
Play-by-Play
1st period
0:01 of 1st period - Andy Miele wins face-off versus Mark Scheifele in neutral zone.
0:26 of 1st period - John Carlson is hit by Alexander Edler and loses puck.
0:35 of 1st period - Slapshot by Victor Hedman.
0:35 of 1st period - Stopped by Kari Lehtonen without a rebound.
0:36 of 1st period - Sam Bennett wins face-off versus Matt Stajan in Predators zone.
0:48 of 1st period - Slapshot by Justin Faulk.
0:48 of 1st period - Deflect By Justin Abdelkader.
0:48 of 1st period - Stopped by Alex Nedeljkovic with a rebound.
0:50 of 1st period - Slapshot by Mark Pysyk.
0:50 of 1st period - Stopped by Alex Nedeljkovic with a rebound.
0:52 of 1st period - Snap shot by Justin Faulk.
0:52 of 1st period - Shot Blocked by Sam Bennett.
1:32 of 1st period - Jiri Fischer is hit by John Moore and loses puck.
1:45 of 1st period - Snap shot by Nicolas Kerdiles.
1:45 of 1st period - Shot Misses the Net.
1:49 of 1st period - Slapshot by John Moore.
1:49 of 1st period - Stopped by Alex Nedeljkovic with a rebound.
2:44 of 1st period - Slapshot by Scott Laughton.
2:44 of 1st period - Shot Misses the Net.
2:46 of 1st period - Slapshot by Justin Faulk.
2:46 of 1st period - Shot Misses the Net.
2:48 of 1st period - Slapshot by Justin Faulk.
2:48 of 1st period - Stopped by Alex Nedeljkovic with a rebound.
2:50 of 1st period - Slapshot by John Moore.
2:50 of 1st period - Stopped by Alex Nedeljkovic with a rebound.
2:52 of 1st period - Slapshot by Justin Faulk.
2:52 of 1st period - Shot Blocked by Jiri Fischer.
2:54 of 1st period - Slapshot by John Moore.
2:54 of 1st period - Stopped by Alex Nedeljkovic with a rebound.
3:00 of 1st period - Snap shot by Scott Laughton.
3:00 of 1st period - Deflect By Mike Brown.
3:00 of 1st period - Shot Misses the Net.
3:00 of 1st period - Puck is out of play.
3:01 of 1st period - Yanni Gourde wins face-off versus Andy Miele in Lightning zone.
3:33 of 1st period - Ryan Mcdonagh is hit by Tyler Kennedy and loses puck.
4:12 of 1st period - Minor Penalty to Yanni Gourde for Hooking.
4:13 of 1st period - Mark Scheifele wins face-off versus Andy Miele in Lightning zone.
4:22 of 1st period - Brent Seabrook is hit by Alexander Ovechkin and loses puck.
4:39 of 1st period - Tyler Kennedy is hit by Nate Schmidt and loses puck.
5:24 of 1st period - John Moore is hit by Brendan Lemieux and loses puck.
6:02 of 1st period - Jaden Schwartz is hit by Brent Seabrook and loses puck.
6:12 of 1st period - Penalty to Yanni Gourde is over, Yanni Gourde is back on ice.
6:47 of 1st period - Wrist shot by Nicolas Kerdiles.
6:47 of 1st period - Stopped by Alex Nedeljkovic without a rebound.
6:48 of 1st period - Antoine Vermette wins face-off versus Andy Miele in Lightning zone.
8:09 of 1st period - Alexander Edler is hit by Jesper Fast and loses puck.
8:52 of 1st period - Wrist shot by Jack Eichel.
8:52 of 1st period - Stopped by Alex Nedeljkovic without a rebound.
8:53 of 1st period - Andy Miele wins face-off versus Mark Scheifele in Lightning zone.
9:20 of 1st period - John Carlson is hit by Jaden Schwartz and loses puck.
9:29 of 1st period - Snap shot by Yanni Gourde.
9:29 of 1st period - Shot Misses the Net.
11:33 of 1st period - Shayne Gostisbehere is hit by Mikael Granlund and loses puck.
12:31 of 1st period - Minor Penalty to Scott Mayfield for Holding.
12:32 of 1st period - Andy Miele wins face-off versus Mark Scheifele in Lightning zone.
12:34 of 1st period - Wrist shot by Mikael Granlund.
12:34 of 1st period - Shot Misses the Net.
13:39 of 1st period - Slapshot by Andy Miele.
13:39 of 1st period - Goal by Andy Miele - Predators : 1 - Lightning : 0.
13:40 of 1st period - Mark Scheifele wins face-off versus Jack Eichel in neutral zone.
13:46 of 1st period - Off-side.
13:47 of 1st period - Jack Eichel wins face-off versus Mark Scheifele in neutral zone.
14:01 of 1st period - Slapshot by Jack Eichel.
14:01 of 1st period - Stopped by Alex Nedeljkovic with a rebound.
14:03 of 1st period - Wrist shot by Jack Eichel.
14:03 of 1st period - Stopped by Alex Nedeljkovic without a rebound.
14:04 of 1st period - Yanni Gourde wins face-off versus Andy Miele in Lightning zone.
14:04 of 1st period - Yanni Gourde is hit by Andy Miele.
14:18 of 1st period - Snap shot by Yanni Gourde.
14:18 of 1st period - Shot Misses the Net.
14:20 of 1st period - Minor Penalty to Alexander Ovechkin for Slashing.
14:21 of 1st period - Mikael Granlund wins face-off versus Mark Scheifele in Predators zone.
14:48 of 1st period - Mikael Granlund is hit by Kasperi Kapanen and loses puck.
14:57 of 1st period - Backhand shot by Yanni Gourde.
14:57 of 1st period - Shot Misses the Net.
14:59 of 1st period - Slapshot by Shayne Gostisbehere.
14:59 of 1st period - Shot Misses the Net.
15:09 of 1st period - Max Pacioretty is hit by Jaden Schwartz and loses puck.
15:28 of 1st period - Brendan Lemieux is hit by Andy Miele and loses puck.
16:20 of 1st period - Penalty to Alexander Ovechkin is over, Alexander Ovechkin is back on ice.
16:47 of 1st period - Jimmy Vesey is hit by Jaden Schwartz and loses puck.
17:00 of 1st period - Slapshot by Mark Pysyk.
17:00 of 1st period - Stopped by Alex Nedeljkovic without a rebound.
17:01 of 1st period - Matt Stajan wins face-off versus Ondrej Palat in Lightning zone.
18:48 of 1st period - Slapshot by Justin Abdelkader.
18:48 of 1st period - Shot Misses the Net.
19:47 of 1st period - John Carlson is hit by Alexander Ovechkin and loses puck.
19:52 of 1st period - Snap shot by Mikael Granlund.
19:52 of 1st period - Stopped by Alex Nedeljkovic without a rebound.
19:53 of 1st period - Andy Miele wins face-off versus Mark Scheifele in Lightning zone.
19:56 of 1st period - Backhand shot by Mikael Granlund.
19:56 of 1st period - Shot Blocked by Max Pacioretty.
19:59 of 1st period - Icing by Kasperi Kapanen.
Goals for this period are 1 for Predators vs 0 for Lightning.
Shots for this period are 13 for Predators vs 1 for Lightning.
2nd period
0:01 of 2nd period - Mark Scheifele wins face-off versus Andy Miele in neutral zone.
0:29 of 2nd period - Backhand shot by Yanni Gourde.
0:29 of 2nd period - Stopped by Kari Lehtonen with a rebound.
0:48 of 2nd period - Off-side.
0:49 of 2nd period - Matt Stajan wins face-off versus Sam Bennett in neutral zone.
0:56 of 2nd period - Slapshot by Matt Stajan.
0:56 of 2nd period - Goal by Matt Stajan - Predators : 2 - Lightning : 0.
0:57 of 2nd period - Alexander Ovechkin wins face-off versus Mark Scheifele in neutral zone.
1:02 of 2nd period - Snap shot by Andy Miele.
1:02 of 2nd period - Stopped by Alex Nedeljkovic without a rebound.
1:03 of 2nd period - Alexander Ovechkin wins face-off versus Mark Scheifele in Lightning zone.
1:29 of 2nd period - Slapshot by Tyler Kennedy.
1:29 of 2nd period - Goal by Tyler Kennedy - Predators : 2 - Lightning : 1.
1:30 of 2nd period - Andy Miele wins face-off versus Kasperi Kapanen in neutral zone.
1:30 of 2nd period - Andy Miele is hit by Max Pacioretty.
2:44 of 2nd period - Snap shot by Andy Miele.
2:44 of 2nd period - Shot Misses the Net.
2:46 of 2nd period - Snap shot by Alexander Edler.
2:46 of 2nd period - Shot Misses the Net.
3:10 of 2nd period - Wrist shot by Alexander Ovechkin.
3:10 of 2nd period - Shot Blocked by John Carlson.
3:12 of 2nd period - Slapshot by John Moore.
3:12 of 2nd period - Stopped by Alex Nedeljkovic with a rebound.
3:48 of 2nd period - Snap shot by Andy Miele.
3:48 of 2nd period - Stopped by Alex Nedeljkovic without a rebound.
3:49 of 2nd period - Mark Scheifele wins face-off versus Jack Eichel in Lightning zone.
3:49 of 2nd period - Mark Scheifele is hit by Reilly Smith.
3:55 of 2nd period - Slapshot by Mark Scheifele.
3:55 of 2nd period - Shot Misses the Net.
4:01 of 2nd period - Slapshot by Shayne Gostisbehere.
4:01 of 2nd period - Shot Misses the Net.
4:03 of 2nd period - Wrist shot by Shayne Gostisbehere.
4:03 of 2nd period - Shot Blocked by Alexander Edler.
4:05 of 2nd period - Wrist shot by Kasperi Kapanen.
4:05 of 2nd period - Goal by Kasperi Kapanen - Predators : 2 - Lightning : 2.
4:06 of 2nd period - Mark Scheifele wins face-off versus Jack Eichel in neutral zone.
4:09 of 2nd period - Slapshot by Victor Hedman.
4:09 of 2nd period - Deflect By Kasperi Kapanen.
4:09 of 2nd period - Shot Misses the Net.
4:09 of 2nd period - Puck is out of play.
4:10 of 2nd period - Mark Scheifele wins face-off versus Jaden Schwartz in Predators zone.
4:13 of 2nd period - Slapshot by Kasperi Kapanen.
4:13 of 2nd period - Stopped by Kari Lehtonen with a rebound.
4:15 of 2nd period - Slapshot by Victor Hedman.
4:15 of 2nd period - Deflect By Max Pacioretty.
4:15 of 2nd period - Stopped by Kari Lehtonen without a rebound.
4:16 of 2nd period - Mark Scheifele wins face-off versus Jack Eichel in Predators zone.
4:19 of 2nd period - Slapshot by Shayne Gostisbehere.
4:19 of 2nd period - Stopped by Kari Lehtonen without a rebound.
4:20 of 2nd period - Mark Scheifele wins face-off versus Jack Eichel in Predators zone.
4:21 of 2nd period - Wrist shot by Kasperi Kapanen.
4:21 of 2nd period - Shot Misses the Net.
4:31 of 2nd period - Wrist shot by Mark Scheifele.
4:31 of 2nd period - Stopped by Kari Lehtonen without a rebound.
4:32 of 2nd period - Jack Eichel wins face-off versus Mark Scheifele in Predators zone.
4:36 of 2nd period - Off-side.
4:37 of 2nd period - Max Pacioretty wins face-off versus Jaden Schwartz in neutral zone.
4:40 of 2nd period - Snap shot by Kasperi Kapanen.
4:40 of 2nd period - Stopped by Kari Lehtonen with a rebound.
4:51 of 2nd period - Minor Penalty to Max Pacioretty for Hooking.
4:52 of 2nd period - Andy Miele wins face-off versus Mark Scheifele in Lightning zone.
5:22 of 2nd period - Brent Seabrook is hit by Reilly Smith and loses puck.
6:33 of 2nd period - Jaden Schwartz is hit by Shayne Gostisbehere and loses puck.
6:42 of 2nd period - Jimmy Vesey is hit by Jaden Schwartz.
6:51 of 2nd period - Penalty to Max Pacioretty is over, Max Pacioretty is back on ice.
6:52 of 2nd period - Shayne Gostisbehere is hit by Andy Miele and loses puck.
7:26 of 2nd period - Slapshot by Mark Scheifele.
7:26 of 2nd period - Goal by Mark Scheifele - Predators : 2 - Lightning : 3.
7:27 of 2nd period - Antoine Vermette wins face-off versus Andy Miele in neutral zone.
8:02 of 2nd period - Minor Penalty to Matt Stajan for Hooking.
8:03 of 2nd period - Mikael Granlund wins face-off versus Mark Scheifele in Predators zone.
8:12 of 2nd period - Slapshot by John Carlson.
8:12 of 2nd period - Shot Hit the Post.
8:32 of 2nd period - Slapshot by Brendan Lemieux.
8:32 of 2nd period - Shot Blocked by Ryan Mcdonagh.
9:12 of 2nd period - Justin Faulk is hit by Yanni Gourde and loses puck.
9:54 of 2nd period - Icing by Brendan Lemieux.
9:55 of 2nd period - Andy Miele wins face-off versus Yanni Gourde in Lightning zone.
10:02 of 2nd period - Penalty to Matt Stajan is over, Matt Stajan is back on ice.
10:34 of 2nd period - Shayne Gostisbehere is hit by Nate Schmidt and loses puck.
10:43 of 2nd period - Wrist shot by Matt Stajan.
10:43 of 2nd period - Deflect By Mark Pysyk.
10:43 of 2nd period - Goal by Mark Pysyk - Predators : 3 - Lightning : 3.
10:44 of 2nd period - Andy Miele wins face-off versus Brock Boeser in neutral zone.
11:11 of 2nd period - Victor Hedman is hit by Jaden Schwartz and loses puck.
11:35 of 2nd period - Slapshot by Scott Laughton.
11:35 of 2nd period - Stopped by Alex Nedeljkovic without a rebound.
11:36 of 2nd period - Scott Laughton wins face-off versus Brock Boeser in Lightning zone.
11:37 of 2nd period - Slapshot by Nicolas Kerdiles.
11:37 of 2nd period - Shot Misses the Net.
11:39 of 2nd period - Slapshot by Josh Morrissey.
11:39 of 2nd period - Shot Blocked by John Carlson.
11:41 of 2nd period - Snap shot by Scott Laughton.
11:41 of 2nd period - Shot Misses the Net.
11:43 of 2nd period - Snap shot by Mike Brown.
11:43 of 2nd period - Goal by Mike Brown - Predators : 4 - Lightning : 3.
11:44 of 2nd period - Yanni Gourde wins face-off versus Andy Miele in neutral zone.
13:18 of 2nd period - Jesper Fast is hit by Justin Faulk and loses puck.
13:49 of 2nd period - Brock Boeser is hit by Justin Faulk and loses puck.
14:30 of 2nd period - Minor Penalty to Brock Boeser for Holding.
14:31 of 2nd period - Mark Scheifele wins face-off versus Andy Miele in Lightning zone.
15:12 of 2nd period - Wrist shot by Andy Miele.
15:12 of 2nd period - Goal by Andy Miele - Predators : 5 - Lightning : 3.
15:12 of 2nd period - Jimmy Howard enters game.
15:13 of 2nd period - Jack Eichel wins face-off versus Yanni Gourde in neutral zone.
15:51 of 2nd period - Mark Scheifele is hit by Alexander Ovechkin and loses puck.
16:08 of 2nd period - Slapshot by Shayne Gostisbehere.
16:08 of 2nd period - Stopped by Kari Lehtonen without a rebound.
16:09 of 2nd period - Antoine Vermette wins face-off versus Jack Eichel in Predators zone.
16:16 of 2nd period - Slapshot by Reilly Smith.
16:16 of 2nd period - Shot Misses the Net.
16:18 of 2nd period - Backhand shot by Jaden Schwartz.
16:18 of 2nd period - Shot Misses the Net.
16:20 of 2nd period - Slapshot by Reilly Smith.
16:20 of 2nd period - Shot Misses the Net.
16:22 of 2nd period - Snap shot by Alexander Edler.
16:22 of 2nd period - Stopped by Jimmy Howard without a rebound.
16:23 of 2nd period - Mark Scheifele wins face-off versus Jaden Schwartz in Lightning zone.
16:25 of 2nd period - Icing by John Carlson.
16:26 of 2nd period - Jack Eichel wins face-off versus Mark Scheifele in Lightning zone.
16:45 of 2nd period - Ryan Mcdonagh is hit by Max Pacioretty and loses puck.
17:02 of 2nd period - Snap shot by Tyler Kennedy.
17:02 of 2nd period - Stopped by Kari Lehtonen with a rebound.
17:04 of 2nd period - Slapshot by John Carlson.
17:04 of 2nd period - Stopped by Kari Lehtonen with a rebound.
17:06 of 2nd period - Slapshot by Brent Seabrook.
17:06 of 2nd period - Stopped by Kari Lehtonen without a rebound.
17:07 of 2nd period - Yanni Gourde wins face-off versus Andy Miele in Predators zone.
17:10 of 2nd period - Slapshot by Yanni Gourde.
17:10 of 2nd period - Shot Misses the Net.
17:20 of 2nd period - Snap shot by Yanni Gourde.
17:20 of 2nd period - Stopped by Kari Lehtonen without a rebound.
17:21 of 2nd period - Mark Scheifele wins face-off versus Andy Miele in Predators zone.
17:22 of 2nd period - Snap shot by John Carlson.
17:22 of 2nd period - Shot Blocked by Alexander Edler.
17:36 of 2nd period - Snap shot by Mark Scheifele.
17:36 of 2nd period - Stopped by Kari Lehtonen without a rebound.
17:37 of 2nd period - Jack Eichel wins face-off versus Yanni Gourde in Predators zone.
17:53 of 2nd period - Snap shot by Brendan Lemieux.
17:53 of 2nd period - Stopped by Kari Lehtonen with a rebound.
18:07 of 2nd period - Slapshot by John Carlson.
18:07 of 2nd period - Deflect By Mark Scheifele.
18:07 of 2nd period - Stopped by Kari Lehtonen with a rebound.
18:13 of 2nd period - Snap shot by Mark Scheifele.
18:13 of 2nd period - Goal by Mark Scheifele - Predators : 5 - Lightning : 4.
18:14 of 2nd period - Andy Miele wins face-off versus Kasperi Kapanen in neutral zone.
18:17 of 2nd period - Slapshot by Ryan Mcdonagh.
18:17 of 2nd period - Deflect By Andy Miele.
18:17 of 2nd period - Shot Blocked by Kasperi Kapanen.
18:17 of 2nd period - Puck is out of play.
18:18 of 2nd period - Mark Scheifele wins face-off versus Andy Miele in Lightning zone.
18:35 of 2nd period - Slapshot by John Carlson.
18:35 of 2nd period - Stopped by Kari Lehtonen without a rebound.
18:36 of 2nd period - Yanni Gourde wins face-off versus Jack Eichel in Predators zone.
19:28 of 2nd period - John Moore is hit by Sam Bennett and loses puck.
19:38 of 2nd period - Icing by Justin Faulk.
19:39 of 2nd period - Antoine Vermette wins face-off versus Matt Stajan in Predators zone.
Goals for this period are 4 for Predators vs 4 for Lightning.
Shots for this period are 9 for Predators vs 19 for Lightning.
3rd period
0:01 of 3rd period - Andy Miele wins face-off versus Mark Scheifele in neutral zone.
0:08 of 3rd period - Wrist shot by Mikael Granlund.
0:08 of 3rd period - Stopped by Jimmy Howard without a rebound.
0:09 of 3rd period - Mark Scheifele wins face-off versus Andy Miele in Lightning zone.
0:11 of 3rd period - Minor Penalty to Kasperi Kapanen for Interference.
0:12 of 3rd period - Andy Miele wins face-off versus Mark Scheifele in Lightning zone.
0:28 of 3rd period - Snap shot by Max Pacioretty.
0:28 of 3rd period - Shot Misses the Net.
0:42 of 3rd period - Reilly Smith is hit by Shayne Gostisbehere and loses puck.
1:27 of 3rd period - John Carlson is hit by Jaden Schwartz and loses puck.
2:11 of 3rd period - Penalty to Kasperi Kapanen is over, Kasperi Kapanen is back on ice.
2:52 of 3rd period - Wrist shot by Nicolas Kerdiles.
2:52 of 3rd period - Shot Misses the Net.
3:06 of 3rd period - Snap shot by Ondrej Palat.
3:06 of 3rd period - Shot Misses the Net.
3:26 of 3rd period - Backhand shot by Jimmy Vesey.
3:26 of 3rd period - Shot Blocked by Josh Morrissey.
3:28 of 3rd period - Snap shot by Tyler Kennedy.
3:28 of 3rd period - Shot Misses the Net.
3:30 of 3rd period - Snap shot by Sam Bennett.
3:30 of 3rd period - Deflect By Tyler Kennedy.
3:30 of 3rd period - Stopped by Kari Lehtonen with a rebound.
4:34 of 3rd period - Alexander Edler is hit by John Carlson and loses puck.
5:36 of 3rd period - Snap shot by Antoine Vermette.
5:36 of 3rd period - Shot Misses the Net.
5:39 of 3rd period - Icing by Justin Faulk.
5:40 of 3rd period - Mark Scheifele wins face-off versus Matt Stajan in Predators zone.
5:43 of 3rd period - Snap shot by Mark Scheifele.
5:43 of 3rd period - Stopped by Kari Lehtonen with a rebound.
5:55 of 3rd period - Slapshot by Mark Scheifele.
5:55 of 3rd period - Shot Misses the Net.
6:48 of 3rd period - Slapshot by John Carlson.
6:48 of 3rd period - Shot Blocked by Josh Morrissey.
8:19 of 3rd period - Snap shot by Yanni Gourde.
8:19 of 3rd period - Stopped by Kari Lehtonen with a rebound.
8:44 of 3rd period - Off-side.
8:45 of 3rd period - Mark Scheifele wins face-off versus Andy Miele in neutral zone.
8:47 of 3rd period - Off-side.
8:48 of 3rd period - Andy Miele wins face-off versus Mark Scheifele in neutral zone.
8:51 of 3rd period - Backhand shot by Ryan Mcdonagh.
8:51 of 3rd period - Deflect By Mark Scheifele.
8:51 of 3rd period - Stopped by Jimmy Howard with a rebound.
9:05 of 3rd period - Slapshot by Mark Scheifele.
9:05 of 3rd period - Shot Blocked by Alexander Ovechkin.
9:46 of 3rd period - Slapshot by Ondrej Palat.
9:46 of 3rd period - Shot Blocked by John Moore.
10:00 of 3rd period - Slapshot by Justin Faulk.
10:00 of 3rd period - Deflect By Max Pacioretty.
10:00 of 3rd period - Stopped by Jimmy Howard with a rebound.
10:02 of 3rd period - Wrist shot by Mikael Granlund.
10:02 of 3rd period - Stopped by Jimmy Howard with a rebound.
10:04 of 3rd period - Snap shot by Alexander Ovechkin.
10:04 of 3rd period - Goal by Alexander Ovechkin - Predators : 6 - Lightning : 4.
10:05 of 3rd period - Mark Scheifele wins face-off versus Andy Miele in neutral zone.
10:12 of 3rd period - Slapshot by Shayne Gostisbehere.
10:12 of 3rd period - Deflect By Alexander Ovechkin.
10:12 of 3rd period - Stopped by Kari Lehtonen without a rebound.
10:13 of 3rd period - Mark Scheifele wins face-off versus Andy Miele in Predators zone.
11:39 of 3rd period - Wrist shot by Andy Miele.
11:39 of 3rd period - Shot Misses the Net.
11:41 of 3rd period - Slapshot by Mikael Granlund.
11:41 of 3rd period - Stopped by Jimmy Howard without a rebound.
11:42 of 3rd period - Yanni Gourde wins face-off versus Jack Eichel in Lightning zone.
11:47 of 3rd period - Slapshot by John Carlson.
11:47 of 3rd period - Stopped by Kari Lehtonen without a rebound.
11:48 of 3rd period - Jack Eichel wins face-off versus Brock Boeser in Predators zone.
11:57 of 3rd period - Wrist shot by Jack Eichel.
11:57 of 3rd period - Stopped by Jimmy Howard without a rebound.
11:58 of 3rd period - Yanni Gourde wins face-off versus Jaden Schwartz in Lightning zone.
12:09 of 3rd period - Slapshot by Justin Faulk.
12:09 of 3rd period - Stopped by Jimmy Howard without a rebound.
12:10 of 3rd period - Yanni Gourde wins face-off versus Jack Eichel in Lightning zone.
12:15 of 3rd period - Slapshot by John Carlson.
12:15 of 3rd period - Shot Misses the Net.
12:23 of 3rd period - Snap shot by Justin Faulk.
12:23 of 3rd period - Shot Blocked by Brendan Lemieux.
12:25 of 3rd period - Snap shot by Justin Faulk.
12:25 of 3rd period - Shot Blocked by John Carlson.
12:27 of 3rd period - Slapshot by Justin Faulk.
12:27 of 3rd period - Goal by Justin Faulk - Predators : 7 - Lightning : 4.
12:28 of 3rd period - Mark Scheifele wins face-off versus Andy Miele in neutral zone.
12:35 of 3rd period - Wrist shot by Mark Scheifele.
12:35 of 3rd period - Shot Misses the Net.
12:41 of 3rd period - Wrist shot by Mark Scheifele.
12:41 of 3rd period - Deflect By Max Pacioretty.
12:41 of 3rd period - Goal by Max Pacioretty - Predators : 7 - Lightning : 5.
12:42 of 3rd period - Mark Scheifele wins face-off versus Andy Miele in neutral zone.
12:52 of 3rd period - Minor Penalty to Ryan Mcdonagh for Hooking.
12:53 of 3rd period - Mark Scheifele wins face-off versus Mikael Granlund in Predators zone.
13:25 of 3rd period - Alexander Edler is hit by Brent Seabrook and loses puck.
13:42 of 3rd period - Mark Scheifele is hit by Alexander Ovechkin and loses puck.
14:52 of 3rd period - Penalty to Ryan Mcdonagh is over, Ryan Mcdonagh is back on ice.
15:01 of 3rd period - Josh Morrissey is hit by Tyler Kennedy and loses puck.
15:20 of 3rd period - Jesper Fast is hit by Jaden Schwartz and loses puck.
16:46 of 3rd period - Shayne Gostisbehere is hit by Mike Brown and loses puck.
16:55 of 3rd period - Wrist shot by Scott Laughton.
16:55 of 3rd period - Shot Misses the Net.
17:09 of 3rd period - Shayne Gostisbehere is hit by Josh Morrissey and loses puck.
18:06 of 3rd period - Antoine Vermette is hit by Nicolas Kerdiles and loses puck.
18:11 of 3rd period - Slapshot by Mike Brown.
18:11 of 3rd period - Stopped by Jimmy Howard without a rebound.
18:12 of 3rd period - Matt Stajan wins face-off versus Mark Scheifele in Lightning zone.
18:13 of 3rd period - Snap shot by Mark Pysyk.
18:13 of 3rd period - Stopped by Jimmy Howard with a rebound.
18:15 of 3rd period - Minor Penalty to Brent Seabrook for Hooking.
18:16 of 3rd period - Mark Scheifele wins face-off versus Mikael Granlund in Lightning zone.
18:16 of 3rd period - Mark Scheifele is hit by Andy Miele.
19:12 of 3rd period - Max Pacioretty is hit by John Moore and loses puck.
Goals for this period are 2 for Predators vs 1 for Lightning.
Shots for this period are 11 for Predators vs 6 for Lightning.